[Event "Early-Titled-Tuesday-Blitz-February-20-2024"]
[Site "Chess.com"]
[Date "2024.02.20"]
[Round "5"]
[White "brm72"]
[Black "tetrix83"]
[Result "0-1"]
[WhiteElo "2615"]
[BlackElo "2520"]
[TimeControl "180+1"]
[EndTime "8:55:42 PST"]
[Termination "tetrix83 won on time"]

1. e4 c5 2. Nf3 d6 3. d4 cxd4 4. Nxd4 Nf6 5. Nc3 a6 6. f3 e6 7.
Be3 b5 8. Qd2 Nbd7 9. g4 Nb6 10.
h4 Qc7 11. O-O-O b4 12. Nb1 d5 13. g5 Nfd7 14. Qf2 Bb7 15. Nd2 Rc8 16. N2b3 dxe4 17. fxe4 Bxe4 18. Bg2 Bxg2 19. Qxg2 Nc4 20. Rhe1 Bd6 21.
Nf5 Be5 22. Nfd4 Nxe3 23. Rxe3 Bf4 24. Re1 O-O 25. Kb1 Bxe3 26. Rxe3 Qf4 27. Re4 Qd6 28. h5 e5 29. Nf5 Qd1+ 30. Nc1 Nc5 31. Rc4 Rc7 32.
h6 g6 33. Ne3 Qd6 34. Qf2 f5 35. Rxb4 Ne4 0-1

[Event "Early-Titled-Tuesday-Blitz-February-20-2024"]
[Site "Chess.com"]
[Date "2024.02.20"]
[Round "5"]
[White "GM_Huschenbeth"]
[Black "viktorskliarov"]
[Result "1-0"]
[WhiteElo "2495"]
[BlackElo "2585"]
[TimeControl "180+1"]
[EndTime "8:55:43 PST"]
[Termination "GM_Huschenbeth won on time"]

1. e4 c5 2. d4 cxd4 3. c3 Nf6 4. e5 Nd5 5. Nf3 Nc6 6. cxd4 d6 7. Bc4 Nb6 8. Bb5 Bd7 9. exd6 e6 10. O-O Bxd6 11.
Nc3 O-O 12. Ne4 Be7 13. Bf4 Nd5 14. Bg3 f5 15. Nc5 f4 16. Nxd7 Qxd7 17. Bh4 Bd6 18. Re1 h6 19. Ne5 Bxe5 20. Rxe5 a6 21. Bxc6 Qxc6 22.
Qh5 Rac8 23. Rae1 f3 24. Bg3 Rf6 25. gxf3 Rcf8 26. Qg4 Qc2 27. Rxe6 Qxb2 28. Be5 R6f7 29.
Rg6 Qd2 30. Rxg7+ 1-0

[Event "Early-Titled-Tuesday-Blitz-February-20-2024"]
[Site "Chess.com"]
[Date "2024.02.20"]
[Round "5"]
[White "a-z30"]
[Black "VladimirBugayev"]
[Result "0-1"]
[WhiteElo "2477"]
[BlackElo "2277"]
[TimeControl "180+1"]
[EndTime "8:55:43 PST"]
[Termination "VladimirBugayev won on time"]

1. d3 g6 2. Nf3 Bg7 3. g3 c5 4.
Bg2 Nc6 5. O-O d6 6. c4 e5 7. Nc3 Nge7 8. Rb1 O-O 9. b3 h6 10. Bb2 Kh7 11. e3 Be6 12. a3 a5 13. Qe2 Rb8 14. Rfd1 d5 15. cxd5 Nxd5 16. Ne4 b6 17. Rbc1 f5 18. Ned2 Qe7 19. Nc4 Bf7 20. e4 Nd4 21.
Nxd4 exd4 22. Re1 fxe4 23. Bxe4 Qd7 24. h4 b5 25. Nd2 Nc3 26. Bxc3 dxc3 27. Nf1 b4 28. h5 Bxb3 29. hxg6+ Kh8 30. Ne3 Be6 31. Qh5 b3 32. g4 Qe7 33. Nf5 Qg5 34. Qh3 Bxf5 35.
Bxf5 Rxf5 36. Qg3 Rf4 0-1

[Event "Early-Titled-Tuesday-Blitz-February-20-2024"]
[Site "Chess.com"]
[Date "2024.02.20"]
[Round "5"]
[White "Sammed_Shete"]
[Black "DenLaz"]
[Result "0-1"]
[WhiteElo "2736"]
[BlackElo "3037"]
[TimeControl "180+1"]
[EndTime "8:55:44 PST"]
[Termination "DenLaz won by resignation"]

1. c4 Nf6 2. Nf3 e6 3. b3 d5 4. Bb2 b6 5. e3 Bd6 6. Nc3 Bb7 7. Nb5 Be7 8. cxd5 exd5 9. Rc1 c6 10. Nbd4 g6 11.
h4 c5 12. Ne2 h5 13. Nf4 Nc6 14.
Bd3 Qd6 15. a3 O-O-O 16. Qc2 Kb8 17. Bb5 Ka8 18. d4 Nxd4 19. Nxd4 cxd4 20. Bxd4 Rc8 21. Qb1 Rxc1+ 22. Qxc1 Rc8 23. Qd1 Ne4 24. O-O Bxh4 25. b4 Bg5 26. Nd3 h4 27. Qg4 f5 28. Qh3 Be7 29. Rd1 Rf8 30. Be5 Qe6 31. Qh2 g5 32.
Nc1 g4 33. Nd3 Nxf2 34. Nxf2 g3 35. Bxg3 hxg3 36. Qxg3 Rg8 37. Qf4 Bg5 38. Qf3 Bxe3 39. Kf1 d4 0-1

[Event "Early-Titled-Tuesday-Blitz-February-20-2024"]
[Site "Chess.com"]
[Date "2024.02.20"]
[Round "5"]
[White "yaguigor"]
[Black "LionTheLeon_06"]
[Result "0-1"]
[WhiteElo "2674"]
[BlackElo "2886"]
[TimeControl "180+1"]
[EndTime "8:55:44 PST"]
[Termination "LionTheLeon_06 won by resignation"]

1. e4 c6 2. d4 d5 3. e5 Bf5 4.
h4 a6 5. g4 Bd7 6. h5 c5 7. c3 Nc6 8. Be3 Rc8 9. f4 Nh6 10.
f5 e6 11. Bd3 Qb6 12. Rh2 cxd4 13. cxd4 Nxe5 14. Bxh6 gxh6 15. fxe6 Bxe6 16. Re2 Bg7 17. Bf5 O-O 18. Nc3 Rfe8 19. Rc1 Nc4 20. Bxe6 Rxe6 21. Nf3 Rce8 22. Qb3 Rxe2+ 23. Nxe2 Qe6 24. Rc2 Qxg4 25. Kf2 Nd6 26. Qxd5 Ne4+ 27. Kf1 Qxf3+ 28. Ke1 Qf2+ 0-1

[Event "Early-Titled-Tuesday-Blitz-February-20-2024"]
[Site "Chess.com"]
[Date "2024.02.20"]
[Round "5"]
[White "ZuraTqebuchava"]
[Black "The_Straightforward_Rook"]
[Result "1-0"]
[WhiteElo "2268"]
[BlackElo "2461"]
[TimeControl "180+1"]
[EndTime "8:55:44 PST"]
[Termination "ZuraTqebuchava won by resignation"]

1. e4 c6 2. d4 d5 3. exd5 cxd5 4. Bd3 Nc6 5. c3 Qc7 6. Nf3 Bg4 7. h3 Bh5 8. O-O e6 9. Be3 Bd6 10. Nbd2 Nge7 11. Be2 Nf5 12. Qc2 Bg6 13. Qb3 Nxe3 14. fxe3 O-O 15. Nh4 a6 16. Nxg6 hxg6 17. e4 Bf4 18. exd5 Bxd2 19. dxc6 bxc6 20. Qc2 Bg5 21. Qe4 c5 22. dxc5 Qxc5+ 23. Kh1 Rab8 24. Rab1 a5 25. a4 Bf6 26. Bb5 Rfd8 27. Rbd1 Qg5 28. Qg4 Qxg4 29. hxg4 Kf8 30. Kh2 Be5+ 31. g3 Ke7 32. Kg2 f5 33. Rfe1 Kf6 34. g5+ Kxg5 35. Rxd8 Rxd8 36. Rxe5 Rd2+ 37.
Kf3 Kf6 38. Re2 Rd6 39. b4 axb4 40. cxb4 Rd4 41. Rb2 g5 42. a5 e5 43. a6 g4+ 44.
Kf2 Rd8 45. Bc6 Rc8 46. b5 f4 47. gxf4 exf4 48. a7 Rh8 49. a8=Q Rh2+ 50. Bg2 f3 51.
Qc6+ Kg5 52. Qd5+ Kh4 53. Qd8+ Kh5 54. Qh8+ Kg5 55. Qxh2 fxg2 56. Kxg2 Kf6 57. Qf4+ Ke7 58. Re2+ Kd7 59. Qd4+ Kc7 60. Re7+ Kb8 1-0

[Event "Early-Titled-Tuesday-Blitz-February-20-2024"]
[Site "Chess.com"]
[Date "2024.02.20"]
[Round "5"]
[White "chessdjw"]
[Black "Hikaru"]
[Result "0-1"]
[WhiteElo "2752"]
[BlackElo "3267"]
[TimeControl "180+1"]
[EndTime "8:55:45 PST"]
[Termination "Hikaru won on time"]

1. d4 g6 2. c4 Bg7 3. e4 d6 4.
Nc3 Nd7 5. Nf3 c5 6. d5 a6 7. a4 Ngf6 8. Bd3 e5 9. h3 Nh5 10. g3 O-O 11. Nh4 Nf4 12. gxf4 Qxh4 13. f5 Nf6 14. Qf3 gxf5 15. Bd2 fxe4 16. Nxe4 Nxe4 17. Bxe4 f5 18. Bc2 Qxc4 19. O-O-O f4 20. Kb1 Bf5 21. Bxf5 Rxf5 22. Rhg1 Rf7 23. Rde1 Qxa4 24. Bc3 Qd7 25. Rg5 h6 26. Rh5 Rf6 27. Rg1 Qf7 28. Ka1 Rg6 29. Rg4 Rxg4 30. hxg4 Qg6 31. Qh3 b5 32. f3 b4 33. Be1 e4 34. g5 hxg5 35. Qg4 Qf6 0-1

[Event "Early-Titled-Tuesday-Blitz-February-20-2024"]
[Site "Chess.com"]
[Date "2024.02.20"]
[Round "5"]
[White "Chess4always"]
[Black "cukin84"]
[Result "1-0"]
[WhiteElo "1990"]
[BlackElo "2210"]
[TimeControl "180+1"]
[EndTime "8:55:45 PST"]
[Termination "Chess4always won by checkmate"]

1. d4 f5 2. Bg5 h6 3. Bc1 g5 4. h4 g4 5. g3 Nf6 6. Bg2 Bg7 7. e3 O-O 8. c4 d6 9. Nc3 c6 10. Qb3 Kh8 11. Nge2 Nh5 12. d5 c5 13. Qc2 Na6 14.
a3 Rb8 15. Nf4 Nxf4 16. exf4 e5 17. dxe6 Bxe6 18. Nd5 b5 19. O-O bxc4 20. Bd2 Rxb2 21.
Qc1 Rb3 22. Rb1 Rd3 23. Ne3 c3 24. Be1 d5 25. Qc2 c4 26. Rb7 d4 27. Nd1 Nc5 28. Rxg7 Kxg7 29. Nxc3 dxc3 30. Bxc3+ Kh7 31. Re1 Bd5 32.
Bf1 Be4 33. Bxd3 Bxd3 34. Qc1 Ne4 35. Ba1 Qb6 36. Rxe4 fxe4 37. Qc3 Qc7 38. h5 Qf7 39. Qe5 a6 40. Bc3 Re8 41. Qd6 Qxh5 42. Qd7+ Kg6 43. Qg7+ Kf5 44. Qf6# 1-0

[Event "Early-Titled-Tuesday-Blitz-February-20-2024"]
[Site "Chess.com"]
[Date "2024.02.20"]
[Round "5"]
[White "Arystanner"]
[Black "komogro"]
[Result "1-0"]
[WhiteElo "2766"]
[BlackElo "2523"]
[TimeControl "180+1"]
[EndTime "8:55:46 PST"]
[Termination "Arystanner won on time"]

1. d4 Nf6 2. c4 g6 3. Nc3 Bg7 4. e4 d6 5. Be2 O-O 6. h4 c5 7. d5 b5 8. cxb5 a6 9. a4 axb5 10. Bxb5 Ba6 11. Bd2 Qa5 12. Nf3 c4 13. O-O Nbd7 14.
Nd4 Nc5 15. Nc6 Qc7 16. Qc2 Ng4 17. Rad1 Ne5 18. Nxe5 Bxe5 19. h5 Rfc8 20. Be3 Nd3 21. Qe2 Qa5 22. Bc6 Rab8 23. Nb5 Nxb2 24. f4 Nxd1 25.
Rxd1 Bg7 26. Qxc4 Bxb5 27. axb5 Ra8 28. b6 Rab8 29. Qb5 Qc3 30. Bf2 Qc2 31. Qd3 Qb2 32. Rb1 Qa2 33. b7 Rd8 34. hxg6 hxg6 35. Bb6 Rf8 36. Bc7 Bf6 37. e5 dxe5 38. fxe5 Bg5 39. e6 f5 40. Kh2 Qf2 41. Qg3 1-0

[Event "Early-Titled-Tuesday-Blitz-February-20-2024"]
[Site "Chess.com"]
[Date "2024.02.20"]
[Round "5"]
[White "AmanteDeMoi"]
[Black "RobertoJBM"]
[Result "0-1"]
[WhiteElo "2613"]
[BlackElo "2829"]
[TimeControl "180+1"]
[EndTime "8:55:47 PST"]
[Termination "RobertoJBM won on time"]

1. Nf3 d5 2. e3 Nf6 3. c4 c6 4. b3 Bg4 5. Bb2 e6 6. Be2 Nbd7 7. O-O Bd6 8. d3 O-O 9. Nbd2 Qe7 10. Qc2 e5 11. cxd5 cxd5 12. Rac1 a6 13. h3 Bh5 14.
Rfe1 Rfe8 15. e4 d4 16. Nh4 Bg6 17. a4 Bb4 18. Rf1 Nc5 19. Nc4 Nfd7 20. Nxg6 hxg6 21. f4 Rad8 22. a5 f6 23. Bg4 Kh7 24. Bxd7 Rxd7 25.
Nb6 Bxa5 26. Nxd7 Nxd7 27. f5 gxf5 28. Rxf5 Nf8 29. Qc5 Bb4 30. Qxe7 Rxe7 31. Rc4 a5 32. Rf1 Ne6 33. g3 Nc5 34. Rf3 Nxb3 35. Rc8 b5 36. Rf1 Nc5 37. Rd1 Na4 38. Bc1 Rb7 0-1

[Event "Early-Titled-Tuesday-Blitz-February-20-2024"]
[Site "Chess.com"]
[Date "2024.02.20"]
[Round "5"]
[White "ImportedItalianMaple"]
[Black "yuriydovzik"]
[Result "1-0"]
[WhiteElo "2531"]
[BlackElo "2148"]
[TimeControl "180+1"]
[EndTime "8:55:47 PST"]
[Termination "ImportedItalianMaple won on time"]

1. Nf3 b6 2. e4 Bb7 3. Nc3 e6 4. a3 a6 5. d4 d6 6. Bf4 Nd7 7. Bd3 Ngf6 8. e5 Nd5 9. Nxd5 Bxd5 10. O-O dxe5 11. Nxe5 Nxe5 12. Bxe5 Bd6 13. Qh5 g6 14.
Qh6 Bxe5 15. dxe5 Qe7 16. Rad1 Qf8 17. Qf4 Qe7 18. Qa4+ b5 19. Qf4 O-O 20. h4 f6 21.
h5 fxe5 22. Qxe5 Qg7 23. Qxg7+ Kxg7 24. hxg6 hxg6 25. Rfe1 Kf6 26. f4 g5 27. fxg5+ Kxg5 28. Re5+ Kf6 29. Rde1 Rg8 30. R5e2 Ke7 31. Be4 Bxe4 32.
Rxe4 Rg6 33. Rh4 Rag8 34. Re2 R8g7 35. c4 Kd6 36. cxb5 1-0

[Event "Early-Titled-Tuesday-Blitz-February-20-2024"]
[Site "Chess.com"]
[Date "2024.02.20"]
[Round "5"]
[White "Zallio"]
[Black "poummba"]
[Result "0-1"]
[WhiteElo "2152"]
[BlackElo "2382"]
[TimeControl "180+1"]
[EndTime "8:55:47 PST"]
[Termination "poummba won by resignation"]

1. d4 d5 2. Nf3 Nf6 3. e3 e6 4. Be2 c5 5. O-O Nc6 6. b3 cxd4 7. Nxd4 Nxd4 8. Qxd4 Bd6 9. Bb2 O-O 10. c4 e5 11. Qd3 dxc4 12. Qxc4 Be6 13. Qh4 Qb6 14. Nc3 Rfd8 15. Rfd1 Rac8 16. Rac1 Bf5 17. e4 Be6 18.
Nb5 Bb8 19. Rxc8 Rxc8 20. Kf1 a6 21. Nc3 Ba7 22. Na4 Qa5 23. Bc3 Qc7 24. Bb4 b5 25.
Nb2 Bd4 26. Nd3 Qc2 27. a4 Qxb3 28. axb5 axb5 29. Bd6 Bc4 30. Qg3 Nxe4 31. Qh3 Nxd6 0-1

[Event "Early-Titled-Tuesday-Blitz-February-20-2024"]
[Site "Chess.com"]
[Date "2024.02.20"]
[Round "5"]
[White "Jakuboss22005"]
[Black "Zavgorodniy_Sergiy"]
[Result "0-1"]
[WhiteElo "2477"]
[BlackElo "2617"]
[TimeControl "180+1"]
[EndTime "8:55:49 PST"]
[Termination "Zavgorodniy_Sergiy won by resignation"]

1. d4 d5 2. Nf3 Nf6 3. c4 dxc4 4. e3 e6 5. Bxc4 a6 6. O-O b5 7. Be2 Bb7 8. a4 b4 9. Nbd2 Nbd7 10. b3 c5 11. Bb2 Be7 12. Nc4 O-O 13. Rc1 cxd4 14. Qxd4 Nc5 15. Qxd8 Raxd8 16. Na5 Bd5 17. Nd4 Rc8 18.
Bc4 Ba8 19. Rfd1 Rfd8 20. Be2 Nd5 21. Bf3 Bf6 22. Ba1 Kf8 23. Kf1 Ke8 24. Ke2 e5 25. Nf5 e4 26. Bg4 Bxa1 27. Rxa1 Nc3+ 28. Ke1 Nd3+ 29.
Kf1 Nxd1 30. Rxd1 Rc2 31. Nc4 Rxf2+ 32. Kg1 Rc2 33. Nfd6+ Kf8 34. Nxe4 Bxe4 0-1

[Event "Early-Titled-Tuesday-Blitz-February-20-2024"]
[Site "Chess.com"]
[Date "2024.02.20"]
[Round "5"]
[White "Schattman"]
[Black "MaestroCheck"]
[Result "1-0"]
[WhiteElo "2445"]
[BlackElo "2557"]
[TimeControl "180+1"]
[EndTime "8:55:49 PST"]
[Termination "Schattman won on time"]

1. f4 d5 2. Nf3 g6 3. g3 Bg7 4.
Bg2 Nf6 5. O-O O-O 6. Ne5 c5 7. d3 Nc6 8. Nxc6 bxc6 9. c3 Bf5 10. Qe1 d4 11. Na3 Nd5 12. c4 Ne3 13. Bxe3 dxe3 14.
Rb1 Bd4 15. Nc2 Rc8 16. Nxd4 cxd4 17. Qb4 c5 18. Qa3 a5 19. Qa4 Bd7 20. Qc2 Rb8 21. b3 Qb6 22. a3 Rfc8 23. Rb2 a4 24. b4 cxb4 25. Rxb4 Qc5 26. Rfb1 Rxb4 27. axb4 Qf5 28. Qb2 e5 29. Rf1 Rb8 30. b5 Qe6 31. Bd5 Qd6 32. Bxf7+ Kg7 33. fxe5 Qxe5 34. Bd5 Bxb5 35. Qa3 Bd7 36.
Rf7+ Kh6 37. Rxd7 Rb1+ 38. Kg2 Qb8 39. Qe7 1-0

[Event "Early-Titled-Tuesday-Blitz-February-20-2024"]
[Site "Chess.com"]
[Date "2024.02.20"]
[Round "5"]
[White "waspofborneo"]
[Black "atalz0"]
[Result "1-0"]
[WhiteElo "2249"]
[BlackElo "2396"]
[TimeControl "180+1"]
[EndTime "8:55:50 PST"]
[Termination "waspofborneo won on time"]

1. e4 d5 2. exd5 Nf6 3. Nf3 Nxd5 4. g3 Bg4 5. Bg2 Nc6 6. d4 e6 7. O-O Be7 8. h3 Bh5 9. g4 Bg6 10. a3 h5 11. c4 hxg4 12. hxg4 Nf6 13. g5 Ne4 14. d5 Na5 15. Qa4+ c6 16. Nc3 Nxc3 17. bxc3 exd5 18. cxd5 Qxd5 19. Re1 Kf8 20. Ne5 Qb5 21. Qf4 Kg8 22. Nxg6 fxg6 23. Rxe7 Rf8 24. Qe5 Qxe5 25.
Rxe5 Nc4 26. Re7 Rf7 27. Re8+ Kh7 28. Rxh8+ Kxh8 29. Bf1 Ne5 30. Rb1 Nf3+ 31. Kg2 b6 32. Be3 Nh4+ 33. Kg3 Nf5+ 34. Kg2 Nxe3+ 35. fxe3 Rf5 36.
Bd3 Rxg5+ 37. Kf3 Ra5 38. Bc4 1-0

[Event "Early-Titled-Tuesday-Blitz-February-20-2024"]
[Site "Chess.com"]
[Date "2024.02.20"]
[Round "5"]
[White "carokannlover213"]
[Black "HATilay"]
[Result "1-0"]
[WhiteElo "2856"]
[BlackElo "2635"]
[TimeControl "180+1"]
[EndTime "8:55:52 PST"]
[Termination "carokannlover213 won on time"]

1. e4 c5 2. Nf3 d6 3. Bb5+ Nd7 4. O-O a6 5. Be2 Ngf6 6. d3 e6 7. a4 Be7 8. Na3 b6 9. Bf4 O-O 10. Nc4 d5 11. exd5 Nxd5 12. Bg3 Bb7 13. Nd6 Bc6 14.
c3 f5 15. c4 Nb4 16. Qd2 Nf6 17. Qe3 Qd7 18. Ne5 Qxd6 19. Nxc6 Qxc6 20. Bf3 Qd7 21.
Bxa8 Rxa8 22. Rad1 Nc2 23. Qd2 Nd4 24. Be5 Ng4 25. Bxd4 Qxd4 26. Rfe1 Kf7 27. h3 Nf6 28. Re3 Bd6 29. Qe2 Re8 30. Re1 1-0

[Event "Early-Titled-Tuesday-Blitz-February-20-2024"]
[Site "Chess.com"]
[Date "2024.02.20"]
[Round "5"]
[White "Fandorine"]
[Black "mr_gustavo"]
[Result "1-0"]
[WhiteElo "2971"]
[BlackElo "2741"]
[TimeControl "180+1"]
[EndTime "8:55:53 PST"]
[Termination "Fandorine won by checkmate"]

1. d4 Nf6 2. c4 e6 3. Nc3 Bb4 4. Qc2 b6 5. e4 c5 6. d5 Qe7 7. Ne2 exd5 8. exd5 d6 9. Bd2 O-O 10. O-O-O Nbd7 11. Ng3 Ng4 12. Be1 b5 13. h3 Nge5 14.
Nxb5 Nb6 15. f4 Ng6 16. Qe4 Qf6 17. Nh5 Qd8 18. Bxb4 cxb4 19. Qd4 f6 20. Qf2 Ba6 21. Nd4 Bxc4 22. Bxc4 Nxc4 23. Kb1 Qb6 24. Qg3 Qb7 25. Nc6 Rfe8 26. f5 Re3 27. Qf2 Nge5 28. Rhe1 Rxe1 29. Qxe1 Nxc6 30. dxc6 Qxc6 31. Qe7 Kh8 32. Qxg7# 1-0

[Event "Early-Titled-Tuesday-Blitz-February-20-2024"]
[Site "Chess.com"]
[Date "2024.02.20"]
[Round "5"]
[White "Andrey_Klymchuk"]
[Black "Kunalm64"]
[Result "0-1"]
[WhiteElo "2718"]
[BlackElo "2534"]
[TimeControl "180+1"]
[EndTime "8:55:53 PST"]
[Termination "Kunalm64 won by resignation"]

1. d4 Nf6 2. c4 e6 3. Nc3 Bb4 4. e3 O-O 5. Bd3 c5 6. Ne2 d5 7.
a3 dxc4 8. Bxc4 Bxc3+ 9. bxc3 Qc7 10. Bd3 b6 11. O-O Bb7 12. f3 e5 13. Bb2 Nc6 14.
Rc1 Qe7 15. e4 cxd4 16. cxd4 Nxd4 17. Nxd4 exd4 18. Qd2 Rac8 19. Rxc8 Rxc8 20. Rc1 Rxc1+ 21. Qxc1 Qc5 22. Qf4 Nd7 23. Qd2 Ne5 24. Kf2 h6 25. Kg3 Qd6 26. Kf2 Qc5 27. h4 Bc8 28. Kg3 Qd6 29.
Kf2 Qc5 30. Bf1 d3+ 31. Kg3 Nc4 32. Qc3 Nxb2 33. Qxb2 Qc2 34. Qd4 d2 35. Be2 Ba6 0-1

[Event "Early-Titled-Tuesday-Blitz-February-20-2024"]
[Site "Chess.com"]
[Date "2024.02.20"]
[Round "5"]
[White "jaskol95"]
[Black "Chessbard1972"]
[Result "0-1"]
[WhiteElo "2576"]
[BlackElo "2474"]
[TimeControl "180+1"]
[EndTime "8:55:54 PST"]
[Termination "Chessbard1972 won by resignation"]

1. e4 c5 2. Nf3 a6 3. b4 b6 4.
bxc5 bxc5 5. Nc3 e6 6. Bb2 Nc6 7. g3 Rb8 8. Rb1 Bb7 9. Bg2 Nd4 10. Nxd4 cxd4 11. Ne2 e5 12. O-O Nf6 13. d3 Bc5 14.
Qd2 O-O 15. h3 d5 16. exd5 Bxd5 17. c4 Bxg2 18. Kxg2 e4 19. Qg5 Qd6 20. Nf4 h6 21. Qf5 Rfe8 22. Rfe1 Re5 23. Qxe5 Qxe5 24. dxe4 Qc7 25.
Nd3 Re8 26. e5 Qc6+ 27. f3 Nd7 28. Rbd1 h5 29. h4 Qb6 30. Re2 Qa5 31. Rde1 Nf8 32. Nf4 Qa4 33. Nxh5 Qxc4 34. Nf4 d3 35. Rd2 Rd8 36.
Rc1 Qb5 37. Bc3 Be3 38. Rcd1 Bxd2 39. Rxd2 Qc4 40. Ba1 Ne6 41. Nh3 Qb4 42. Rf2 d2 0-1

[Event "Early-Titled-Tuesday-Blitz-February-20-2024"]
[Site "Chess.com"]
[Date "2024.02.20"]
[Round "5"]
[White "djano"]
[Black "KorolDimitriy75"]
[Result "1-0"]
[WhiteElo "2669"]
[BlackElo "2423"]
[TimeControl "180+1"]
[EndTime "8:55:54 PST"]
[Termination "djano won by resignation"]

1. e4 c5 2. Nc3 g6 3. Bc4 Bg7 4. h4 h5 5. Qf3 Nh6 6. d4 O-O 7. dxc5 Nc6 8. Qg3 Kh8 9. Nge2 Qa5 10. Be3 Ng4 11. O-O-O Nce5 12. Bb3 Nxe3 13. Qxe3 Ng4 14. Qg3 Qxc5 15. f3 Nf2 16. Rhf1 Nxd1 17. Rxd1 d6 18. Rd5 Qe3+ 19. Kb1 Be6 20. Rd1 Bxb3 21. axb3 Rac8 22. Rd3 Qc5 23. f4 b5 24. b4 Qxb4 25.
f5 Kh7 26. Qf3 Rc4 27. g4 Rfc8 28. fxg6+ fxg6 29. gxh5 Rxc3 30. hxg6+ Kh8 31. Qh5+ Kg8 32. Qd5+ Kh8 33. Nxc3 Qc4 34. Qh5+ Kg8 35. Rf3 Bf6 36. Qh7+ Kf8 37. g7+ Ke8 38. g8=Q+ Kd7 39. Qxc4 1-0

[Event "Early-Titled-Tuesday-Blitz-February-20-2024"]
[Site "Chess.com"]
[Date "2024.02.20"]
[Round "5"]
[White "traviscottofficial"]
[Black "tarno17"]
[Result "1-0"]
[WhiteElo "2744"]
[BlackElo "2145"]
[TimeControl "180+1"]
[EndTime "8:55:55 PST"]
[Termination "traviscottofficial won by resignation"]

1. c4 e5 2. Nc3 Nf6 3. Nf3 d6 4. g3 g6 5. Bg2 Bg7 6. O-O O-O 7. d3 Nc6 8. a3 Ne7 9. Qc2 c6 10. b4 h6 11. Bb2 Be6 12. c5 Nh7 13. cxd6 Qxd6 14. Ne4 Qc7 15. Nc5 Bg4 16. h3 Bxf3 17.
Bxf3 Ng5 18. Bg2 Rac8 19. h4 Nh7 20. Rac1 Nf6 21. Qa4 a6 22. Qb3 Nd7 23. Ne4 Nd5 24. Rc2 Kh7 25. Rfc1 f5 26. Qxd5 fxe4 27. Qxe4 Nf6 28.
Qc4 Qe7 29. Qc5 Qe6 30. Qxe5 Qf7 31. Qf4 Qe7 32. e4 Nh5 33. Qe3 Bxb2 34. Rxb2 Rf7 35.
Rf1 Rcf8 36. Rd2 Nf6 37. Bh3 h5 38. Kg2 Qe6 39. Bxe6 1-0

[Event "Early-Titled-Tuesday-Blitz-February-20-2024"]
[Site "Chess.com"]
[Date "2024.02.20"]
[Round "5"]
[White "ilya2700"]
[Black "Korchmar_Vasiliy"]
[Result "1-0"]
[WhiteElo "2377"]
[BlackElo "2759"]
[TimeControl "180+1"]
[EndTime "8:55:56 PST"]
[Termination "ilya2700 won on time"]

1. d4 d5 2. c4 c6 3. Nf3 Nf6 4.
Nc3 a6 5. cxd5 cxd5 6. Bf4 Nc6 7. e3 Bg4 8. Bd3 e6 9. O-O Bd6 10. Bg3 Bxg3 11. hxg3 O-O 12. Qd2 Rc8 13. Rac1 Qe7 14. a3 Rfd8 15. Bb1 g6 16. Bd3 e5 17. Nxe5 Nxe5 18.
dxe5 Qxe5 19. Be2 d4 20. exd4 Rxd4 21. Qe3 Qxe3 22. fxe3 Bxe2 23. Rxf6 Rdc4 24. Rb6 Bd3 25.
Rxb7 Rg4 26. Rd1 Bc4 27. Kf2 Rc5 28. e4 Rcg5 29. Rd4 Be6 30. Ne2 h5 31. Rd8+ Kg7 32.
Nf4 Bc4 33. Rc7 Bb3 34. Rb8 Ba2 35. b3 Rxg3 36. Ne6+ Kf6 37. Nxg5 Rxg5 38. Rb6+ Kg7 39. Rxa6 Bxb3 40. Rb6 Ba2 41. Rc3 Re5 42. Ke3 Rg5 43. Kf2 Re5 44. Rb4 Be6 45. a4 Ra5 46.
Ra3 Bd7 47. Rd4 Bc6 48. Ke3 Kf6 49. Kd3 g5 50. Rd6+ 1-0

[Event "Early-Titled-Tuesday-Blitz-February-20-2024"]
[Site "Chess.com"]
[Date "2024.02.20"]
[Round "5"]
[White "Orest_Vovk"]
[Black "Beca95"]
[Result "0-1"]
[WhiteElo "2655"]
[BlackElo "2884"]
[TimeControl "180+1"]
[EndTime "8:56:00 PST"]
[Termination "Beca95 won on time"]

1. h4 d5 2. h5 e5 3. h6 g6 4. d4 e4 5. c4 dxc4 6. Nc3 f5 7. Qa4+ c6 8. Qxc4 b5 9. Qb3 Na6 10. Bf4 Bd6 11. Bxd6 Qxd6 12. e3 Nf6 13. a3 Be6 14. Qc2 Nc7 15. Nh3 O-O 16.
Ng5 Bd5 17. g3 Rfc8 18. Nxd5 Ncxd5 19. Rc1 Nxe3 20. fxe3 Qxg3+ 21. Kd2 Qxg5 22. Qb3+ Kf8 23. Qe6 Ng4 24. Rh3 Qf6 25. Qb3 Qd6 26. Rc5 Nf6 27. Be2 a6 28. Rh1 Nd7 29. Rhc1 Nxc5 30. Rxc5 Rd8 31.
Kc2 Ra7 32. Qb4 a5 33. Qb3 Qf6 34. Qc3 Rd6 35. Kb1 Ke7 36. Re5+ Kd7 37. Qc5 Rb7 38. Bd1 a4 39. Be2 Qd8 40. Qc3 Qb6 41. d5 cxd5 42.
Rxf5 d4 43. exd4 gxf5 0-1

[Event "Early-Titled-Tuesday-Blitz-February-20-2024"]
[Site "Chess.com"]
[Date "2024.02.20"]
[Round "5"]
[White "NikitaShnadrygin"]
[Black "Vaathi_Coming"]
[Result "1-0"]
[WhiteElo "2708"]
[BlackElo "2899"]
[TimeControl "180+1"]
[EndTime "8:56:01 PST"]
[Termination "NikitaShnadrygin won on time"]

1. Nf3 Nf6 2. g3 b6 3. Bg2 Bb7 4. O-O e6 5. d4 Be7 6. b3 O-O 7. Bb2 d5 8. Nbd2 c5 9. c4 Nbd7 10. e3 Rc8 11. Ne5 Qc7 12. Rc1 Rfd8 13. Nxd7 Qxd7 14.
Qe2 dxc4 15. Bxb7 Qxb7 16. Nxc4 h6 17. Rfd1 cxd4 18. Bxd4 Ne4 19. Qf3 Bf8 20. h4 f5 21.
g4 Rd5 22. Ne5 Nd6 23. Nd3 Rxc1 24. Rxc1 Be7 25. Nf4 Rc5 26. Qd1 Rxc1 27. Qxc1 fxg4 28. Nxe6 Qe4 29. Nxg7 Bxh4 30. Qc7 Nf7 31. Nh5 1-0

[Event "Early-Titled-Tuesday-Blitz-February-20-2024"]
[Site "Chess.com"]
[Date "2024.02.20"]
[Round "5"]
[White "Oleksandr_Bortnyk"]
[Black "Iball95"]
[Result "1/2-1/2"]
[WhiteElo "3063"]
[BlackElo "2901"]
[TimeControl "180+1"]
[EndTime "8:56:02 PST"]
[Termination "Game drawn by repetition"]

1. e4 c5 2. Be2 e6 3. d3 Nc6 4. f4 d5 5. Nf3 Bd6 6. c3 f6 7. Be3 Nge7 8. O-O O-O 9. Qe1 Qc7 10.
g3 b6 11. Nbd2 Bb7 12. Qf2 Rad8 13. Rac1 Kh8 14. Qg2 Qd7 15. h4 a5 16. h5 h6 17.
a3 a4 18. Nh4 Na5 19. Qh3 c4 20. Bxb6 cxd3 21. Bxd3 dxe4 22. Bxe4 Bc7 23. Bxc7 Qxc7 24. Bxb7 Rxd2 25. Qxe6 Qxb7 26. Qxe7 Qb6+ 27. Kh1 Qc6+ 28. Rf3 Re8 29. Qf7 Ree2 30. Ng6+ Kh7 31. Nf8+ Kh8 32.
Ng6+ Kh7 33. Nf8+ Kh8 34. Ng6+ 1/2-1/2

[Event "Early-Titled-Tuesday-Blitz-February-20-2024"]
[Site "Chess.com"]
[Date "2024.02.20"]
[Round "5"]
[White "vugarrasulov"]
[Black "averageFM"]
[Result "1-0"]
[WhiteElo "2934"]
[BlackElo "2628"]
[TimeControl "180+1"]
[EndTime "8:56:03 PST"]
[Termination "vugarrasulov won by resignation"]

1. e4 c5 2. Nf3 e6 3. g3 Nc6 4. Bg2 Nf6 5. d3 d6 6. O-O e5 7. Bg5 Be7 8. Nc3 O-O 9. a3 Be6 10. Nd2 h6 11. Bxf6 Bxf6 12. Nd5 Bg5 13. Nc4 Bxd5 14.
exd5 Ne7 15. b4 b5 16. Na5 cxb4 17. axb4 Qb6 18. Nc6 Nf5 19. c3 Rfe8 20. Ra5 Ne7 21.
Qb3 Nxc6 22. dxc6 a6 23. Bd5 Qc7 24. Rfa1 Kh8 25. Rxa6 Rxa6 26. Rxa6 f5 27. Qd1 e4 28.
dxe4 fxe4 29. Qh5 Rf8 30. Bxe4 d5 31. Bf3 Qe5 32. h4 Qe1+ 33. Kg2 Bd2 34. c7 Bxc3 35. Qf5 Qe8 36. Qxf8+ Qxf8 37. Rc6 Qc8 38. Rxc3 d4 39. Rc5 Kh7 40. Be4+ g6 41. h5 d3 42. hxg6+ Kg7 43. Bxd3 Qa8+ 44. Kh2 Qf3 45. Bf1 Qxf2+ 46. Bg2 h5 47.
c8=Q h4 48. Rc7+ Kh6 49. Qh8+ Kxg6 50. Rg7+ Kf5 51. Qf8+ Ke5 52. Qxf2 1-0